 Dungeon Crawl Stone Soup version 0.18-a0-1702-gd20c6a5 (webtiles) character file.

59 RogueTrader the Conjurer (level 3, -1/24 HPs)
             Began as a Demonspawn Wanderer on Apr 6, 2016.
             Killed from afar by Sigmund (4 damage)
             ... with a magic dart
             ... on level 3 of the Dungeon.
             The game lasted 00:03:19 (1939 turns).

RogueTrader the Conjurer (Demonspawn Wanderer)      Turns: 1939, Time: 00:03:20

Health: -1/24      AC:  3    Str: 12    XL:     3   Next: 78%
Magic:  0/7        EV: 11    Int: 16    God:
Gold:   129        SH:  0    Dex: 10    Spells: 1 memorised, 7 levels left

rFire  . . .     SeeInvis .     e - +0 club
rCold  . . .     Gourm    .     d - +0 robe
rNeg   . . .     Faith    .     (no shield)
rPois  .         Spirit   .     (no helmet)
rElec  .         Dismiss  .     (no cloak)
rCorr  .         Reflect  .     (no gloves)
SustAt .         Harm     .     (no boots)
MR     .....                    (no amulet)
Stlth  +.........               (no ring)
                                (no ring)

@: lethally poisoned (-1 -> -8), very slightly contaminated, hasted, very quick,
not resistant to hostile enchantments, very unstealthy
A: talons 1, icy blue scales 1
a: no special abilities


You were on level 3 of the Dungeon.
You were very hungry.

You visited 1 branch of the dungeon, and saw 3 of its levels.

You collected 129 gold pieces.

Inventory:

Hand Weapons
 e - a +0 club (weapon)
Armour
 d - a +0 robe (worn)
Scrolls
 g - a scroll of noise {unknown}
 h - a scroll of enchant weapon {unknown}
 i - 2 scrolls of identify {unknown}
 j - a scroll of magic mapping {unknown}
 m - 2 scrolls of remove curse {unknown}
 n - 2 scrolls of teleportation {unknown}
Potions
 l - a potion of haste
 o - a potion of berserk rage {unknown}
Books
 a - a book of Maledictions

   Spells                             Type                      Level
   a - Corona                         Hexes                        1
   b - Ensorcelled Hibernation        Hexes/Ice                    2
   c - Confuse                        Hexes                        3
   d - Tukima's Dance                 Hexes                        3
   e - Dazzling Spray                 Conjuration/Hexes            3
 c - the Grimoire of the Arsonist

   Spells                             Type                      Level
   a - Flame Tongue                   Conjuration/Fire             1
   b - Conjure Flame                  Conjuration/Fire             3
Comestibles
 f - 3 bread rations
 k - a meat ration


   Skills:
 - Level 1.0 Stealth
 - Level 3.0 Spellcasting
 + Level 3.5 Conjurations
   Level 1.0 Hexes
 - Level 1.7 Fire Magic
   Level 1.7 Air Magic
   Level 1.0 Evocations


You had 7 spell levels left.
You knew the following spells:

 Your Spells              Type           Power        Failure   Level  Hunger
a - Flame Tongue          Conj/Fire      ##...        10%         1    #......


Dungeon Overview and Level Annotations

Branches:
Dungeon (3/15)

Altars:
Pakellas

Annotations:
D:3 Sigmund


Innate Abilities, Weirdness & Mutations

You have sharp toenails.
You are partially covered in icy blue scales (AC +1).


Message History

Confirm with . or Enter, or press ? or * to list all spells.
Aiming: Flame Tongue
Press: ? - help, Shift-Dir - straight line, f/p - Sigmund
Aim: Sigmund, wielding a scythe of venom and wearing a robe (moderately wounded)
The flame tongue hits Sigmund.
Sigmund is heavily wounded.
* * * LOW HITPOINT WARNING * * *
You feel sick.
Drink which item? (? for menu, Esc to quit)
You feel better. The goblin hits you but does no damage.
Sigmund hits you with a scythe of venom!
* * * LOW HITPOINT WARNING * * *
You are lethally poisoned!
Drink which item? (? for menu, Esc to quit)
It was a potion of haste.
You feel yourself speed up.
* * * LOW HITPOINT WARNING * * *
You feel sick. The goblin completely misses you. Sigmund casts a spell at you.
The magic dart hits you!
You die...

#+# #.#
#.#
##.#####
##......
#.....#
#..g# #@.#
........@#
.######.##
#.# #g#
.!. #.#
#.#


You could see Sigmund and 2 goblins.

Vanquished Creatures
  3 adders (D:2)
  A dart slug (D:2)
  2 giant geckos (D:1)
  A ball python (D:2)
  7 goblins
  6 hobgoblins
  2 kobolds
  2 bats (D:2)
  4 rats
28 creatures vanquished.

Notes
Turn   | Place    | Note
--------------------------------------------------------------
     0 | D:1      | RogueTrader the Demonspawn Wanderer began the quest for the Orb.
     0 | D:1      | RogueTrader set off with: a book of Maledictions, a potion of curing, the Grimoire of the Arsonist, a +0 robe, a +0 club, a bread ration
     0 | D:1      | Reached XP level 1. HP: 13/13 MP: 4/4
     0 | D:1      | Identified the Grimoire of the Arsonist
     2 | D:1      | Learned a level 1 spell: Flame Tongue
    32 | D:1      | Reached skill level 1 in Conjurations
   491 | D:1      | Gained mutation: You are partially covered in icy blue scales (AC +1). [demonic ancestry]
   491 | D:1      | Reached XP level 2. HP: 19/19 MP: 3/6
  1302 | D:2      | Gained mutation: You have sharp toenails. [demonic ancestry]
  1302 | D:2      | Reached XP level 3. HP: 22/24 MP: 4/7
  1740 | D:2      | Found an oddly glowing altar of Pakellas.
  1930 | D:3      | Noticed Sigmund
  1937 | D:3      | HP: 1/24 [poisoned by Sigmund]
  1939 | D:3      | Killed from afar by Sigmund

Vault maps used:
D:1:      dpeg_arrival_radiant
D:2:      first_bread, grunt_pakellas_salt
D:3:      ecumenical_altar_1, minmay_misc_feat_rows, uniq_crazy_yiuf_cottage,
          uniq_sigmund

Skill      XL: |  1  2  3 |
---------------+----------+-----
Conjurations   | 1 2 3 |  3.5
Stealth        | |  1.0
Spellcasting   | |  3.0
Hexes          | |  1.0
Fire Magic     | |  1.7
Air Magic      | |  1.7
Evocations     | |  1.0

Action                   || total
-------------------------++-------
Melee: Club              ||     7
 Cast: Flame Tongue      ||    59
  Use: Potion            ||     3
  Eat: Chunk             ||     2
